 Dungeon Crawl Stone Soup version 0.30-a0-862-g1aabd4f9c5 (webtiles) character file.

Game seed: 16188491447459575785

54 jimonade the Magician (level 4, -2/33 HPs)
             Began as a Djinni Warper on Mar 8, 2023.
             Slain by Sigmund
             ... wielding a +0 scythe
              (6 damage)
             ... on level 2 of the Dungeon.
             The game lasted 00:03:50 (1406 turns).

jimonade the Magician (Djinni Warper)               Turns: 1406, Time: 00:03:50

Health: -2/33      AC: 15    Str: 12    XL:     4   Next: 12%
Gold:   82         EV:  7    Int: 20    God:
                   SH:  0    Dex: 13

rFire   + + .      SeeInvis .    a - +1 mace (protect)
rCold   x . .      Faith    .    (no shield)
rNeg    . . .      Spirit   .    f - +0 ring mail
rPois   ∞          Reflect  .    (no helmet)
rElec   .          Rampage  .    (no cloak)
rCorr   .                        o - +2 pair of gloves
Will    .....                    (boots unavailable) Stlth
                                 (no amulet)
HPRegen 0.25/turn                k - +6 ring of intelligence
MPRegen 0.00/turn                (no ring)

@: silenced, under a protective aura, flying, constricted
A: sickness immunity, fire resistance 2, cold vulnerability 1, float, innate
caster, HP casting, extra vitality 1
a: no special abilities


You were on level 2 of the Dungeon.
You visited 1 branch of the dungeon, and saw 2 of its levels.

You collected 82 gold pieces.

Inventory:

Hand Weapons
 a - a +1 mace of protection (weapon)
 j - a +0 mace
 l - a +0 spear
Missiles
 d - 7 boomerangs of dispersal
Armour
 b - a +0 leather armour
 f - a +0 ring mail (worn)
 i - a +0 plate armour
 o - a +2 pair of gloves (worn)
Jewellery
 k - a +6 ring of intelligence (left hand)
Scrolls
 c - a scroll of blinking
 g - a scroll of fear {unknown}
 m - a scroll of identify {unknown}
 n - a scroll of poison {unknown}
Potions
 h - a potion of degeneration {unknown}


   Skills:
 - Level 2.0 Fighting
 - Level 1.5 Polearms
 - Level 0.7 Throwing
 - Level 1.0 Armour
 - Level 2.1 Dodging
 + Level 3.6 Spellcasting


You knew the following spells:

 Your Spells              Type           Power      Damage    Failure   Level
a - Blink                 Tloc           36%        N/A       10%         2
b - Lesser Beckoning      Tloc           36%        N/A       10%         2
c - Vhi's Electric Charg  Tloc/Air       36%        N/A       21%         3
d - Teleport Other        Tloc           18%        N/A       21%         3
e - Manifold Assault      Tloc           18%        N/A       54%         4
f - Sting                 Tmut/Pois      72%        1d6       7%          1
Your spell library was empty.

Dungeon Overview and Level Annotations

Branches:
Dungeon (2/15)

Altars:
Wu Jian

Annotations:
D:2 Sigmund


Innate Abilities, Weirdness & Mutations

You are immune to sickness and miasma.
You are immune to poison.
Your flesh is very heat resistant. (rF++)
You are vulnerable to cold. (rC-)
You float through the air rather than walking.
You learn spells naturally, not from books.
Your magical power is your life essence.
You have superior vitality. (+4 MHP)


Message History

The endoplasm barely misses you. The kobold closely misses you.
The endoplasm hits you but does no damage.
The kobold hits you but does no damage.
You barely miss the endoplasm.
The endoplasm is severely wounded.
You feel stable enough to blink again. The endoplasm closely misses you.
The kobold hits you but does no damage.
You hit the endoplasm.
You kill the endoplasm!
The kobold hits you but does no damage. The ball python bites you.
The ball python closely misses you. The kobold completely misses you.
You barely miss the kobold.
The ball python bites you but does no damage.
The ball python barely misses you.
The kobold hits you with a +0 short sword.
The ball python bites you but does no damage.
The ball python grabs you. The ball python constricts you.
You hit the kobold.
You kill the kobold!
The ball python bites you but does no damage.
The ball python constricts you.
You sock the endoplasm!
You kill the endoplasm!
The ball python barely misses you. The ball python constricts you.
The ball python bites you but does no damage.
The ball python constricts you. Something hits you!
The giant cockroach closely misses you.
You hit the giant cockroach but do no damage.
The ball python barely misses you. The ball python constricts you.
The giant cockroach barely misses you.
The ball python bites you but does no damage.
The ball python constricts you. Something hits you.
* * * LOW HITPOINT WARNING * * *
You closely miss the ball python.
The giant cockroach bites you but does no damage.
The ball python barely misses you. The ball python constricts you.
* * * LOW HITPOINT WARNING * * *
The giant cockroach bites you but does no damage.
Something hits you.
You die...

...........##........#..##.#
####.............)...#..##.#
...........###).........#
###......................
#...@.................#
#.#.#####....#.#''#.#.#
..... #......#..#...# ......
###..###..# #.#
......########wS@#?$# +.##
.............#(B.# +..#
.##.#......(...########..# #
#.######.#...#..#....#
..###...#.#''#.#..#
..........K.......########
.###......###.#.........#
#...#### #K#.#.#####.#
#...#.######.#@#.# #<..#


You could see a worm, a giant cockroach and a ball python.

Vanquished Creatures
  An adder (D:2)
  A worm (D:2)
  A dart slug (D:1)
  A ball python (D:1)
  4 endoplasms
  9 hobgoblins
  2 quokkas (D:2)
  3 frilled lizards
  3 goblins
  9 kobolds
  4 rats
38 creatures vanquished.

Notes
Turn   | Place    | Note
-------+----------+-------------------------------------------
     0 | D:1      | jimonade the Djinni Warper began the quest for the Orb.
     0 | D:1      | jimonade set off with the following spells memorised:
                  | Blink, Lesser Beckoning, Vhi's Electric Charge, Teleport
                  | Other, Manifold Assault.
     0 | D:1      | Reached XP level 1. HP: 18/18 MP: 0/0
   320 | D:1      | Reached XP level 2. HP: 23/23 MP: 0/0
   374 | D:1      | Reached skill level 3 in Spellcasting
   484 | D:1      | Found a faded altar of an unknown god.
   704 | D:2      | Reached XP level 3. HP: 24/28 MP: 0/0
   704 | D:2      | Learned a level 1 spell: Sting
   845 | D:2      | Noticed Sigmund
  1120 | D:2      | Found an ornate altar of the Wu Jian Council.
  1246 | D:2      | Reached XP level 4. HP: 30/33 MP: 0/0
  1406 | D:2      | Slain by Sigmund

Illustrated notes

Levels and vault maps discovered:
D:1:      lightli_arrival_windingriver, layout_basic,
          hellmonk_ecumenical_altar_lost_god, minivault_25
D:2:      layout_basic, basic_altar, minmay_mini_jars, uniq_sigmund

Skill      XL: |  1  2 |
---------------+-------+-----
Spellcasting   | 3 |  3.6
Fighting       | |  2.0
Polearms       | |  1.5
Throwing       | |  0.7
Armour         | |  1.0
Dodging        | |  2.1

Action                     |  1- 3 |  4- 6 || total
---------------------------+-------+-------++-------
  Melee: Spear             |    37 |       ||    37
         Mace              |    28 |     9 ||    37
   Cast: Sting             |    25 |     5 ||    30
         Blink             |       |     1 ||     1
    Use: Scroll            |       |     1 ||     1
   Stab: Sleeping          |     1 |       ||     1
 Armour: Ring mail         |    22 |    20 ||    42
  Dodge: Dodged            |    28 |    20 ||    48

Table legend: (Time is in decaauts)
 A = Elapsed time spent in this place.
 B = Non-inter-level travel time spent in this place.
 C = Inter-level travel time spent in this place.
 D = Time resting spent in this place.
 E = Time spent auto-exploring this place.
 F = Levels seen in this place.
 G = Mean time per level.
                   A        B        C        D        E       F      G
               +--------+--------+--------+--------+--------+-----+--------+
         Total |   1420 |   1390 |     30 |    125 |    703 |   2 |  710.0 |
       Dungeon |   1420 |   1390 |     30 |    125 |    703 |   2 |  710.0 |
               +--------+--------+--------+--------+--------+-----+--------+

Top non-repeatable levels by time:
     D:1: 716 daAuts
     D:2: 703 daAuts
